 Dungeon Crawl Stone Soup version 0.29.1 (webtiles) character file.

Game seed: 3805359207422171565

55 ILmort the Trooper (level 3, -2/29 HPs)
             Began as a Demonspawn Fighter on Sept 14, 2022.
             Killed by nerve-wracking pain
             ... invoked by Jessica
              (10 damage)
             ... on level 2 of the Dungeon.
             The game lasted 00:02:55 (1876 turns).

ILmort the Trooper (Demonspawn Fighter)             Turns: 1876, Time: 00:02:55

Health: -2/29      AC:  6    Str: 16    XL:     3   Next: 67%
Magic:  3/3        EV:  8    Int: 15    God:
Gold:   101        SH:  4    Dex: 14    Spells: 2/2 levels left

rFire   . . .      SeeInvis +   a - +0 rapier
rCold   . . .      Faith    .   c - +0 buckler
rNeg    . . .      Spirit   .   b - +0 scale mail
rPois   .          Reflect  .   (no helmet)
rElec   .          Harm     .   (no cloak)
rCorr   .          Rampage  .   (no gloves)
Will    .....                   (no boots)
Stlth   ..........              (no amulet)
HPRegen 0.09/turn               h - ring of see invisible
MPRegen 0.08/turn               l - +6 ring of intelligence

@: no status effects
A: powered by pain 1
a: no special abilities


You were on level 2 of the Dungeon.
You visited 1 branch of the dungeon, and saw 2 of its levels.

You collected 101 gold pieces.

Inventory:

Hand Weapons
 a - a +0 rapier (weapon)
Armour
 b - a +0 scale mail (worn)
 c - a +0 buckler (worn)
Jewellery
 h - a ring of see invisible (left hand)
 l - a +6 ring of intelligence (right hand)
Scrolls
 e - 2 scrolls of teleportation {unknown}
 i - 2 scrolls of enchant armour {unknown}
 j - a scroll of silence {unknown}
Potions
 d - a potion of might
 f - a potion of resistance {unknown}
 g - a potion of haste {unknown}
 k - a potion of brilliance {unknown}


   Skills:
 + Level 3.6 Fighting
 * Level 3.2 Short Blades
 - Level 2.6 Armour
 - Level 2.6 Shields


You had 2 spell levels left.
You didn't know any spells.
Your spell library contained the following spells:

 Spells                   Type           Power      Damage    Failure   Level
 Sting                    Tmut/Pois      0%         1d3       78%         1
 Ensorcelled Hibernation  Hex/Ice        0%         N/A       89%         2
 Poisonous Vapours        Pois/Air       0%         N/A       89%         2
 Spider Form              Tmut/Pois      0%         N/A       98%         3
 Anguish                  Hex/Necr       0%         N/A       100%        4
 Olgreb's Toxic Radiance  Pois           0%         N/A       100%        4


Dungeon Overview and Level Annotations

Branches:
Dungeon (2/15)

Altars:
Makhleb

Shops:
D:2 [

Annotations:
D:2 Jessica


Innate Abilities, Weirdness & Mutations

You sometimes gain a little power by taking damage.


Message History

You hit the ball python.
You kill the ball python!
Jessica gestures wildly while chanting.
Jessica blinks!
A rat comes into view.
There is an open door here.
You barely miss Jessica.
Jessica hits you with a +0 dagger of speed.
You hit Jessica. Jessica hits you but does no damage.
Jessica hits you with a +0 dagger of speed.
You hit Jessica but do no damage.
Jessica hits you with a +0 dagger of speed.
You hit Jessica. Jessica completely misses you.
Jessica hits you with a +0 dagger of speed.
You closely miss Jessica. The rat bites you but does no damage.
Jessica casts a spell.
Jessica seems to speed up.
You hit Jessica. Jessica casts a spell at you. Pain shoots through your body!
The rat closely misses you.
Jessica says, "I'm really upset."
Jessica closely misses you. The rat bites you but does no damage.
You closely miss Jessica.
Jessica hits you with a +0 dagger of speed.
Jessica barely misses you. Jessica hits you but does no damage.
The rat bites you but does no damage.
You hit Jessica but do no damage. You block Jessica's attack.
Jessica barely misses you. The rat bites you but does no damage.
You barely miss Jessica.
Jessica hits you with a +0 dagger of speed.
* * * LOW HITPOINT WARNING * * *
Jessica looks very angry.
Jessica casts a spell.
Jessica blinks!
The rat closely misses you.
You barely miss the rat. The rat completely misses you.
You hit the rat. You block the rat's attack.
You closely miss the rat. You block the rat's attack.
Jessica casts a spell at you. Pain shoots through your body!
You die...

#.......# #.......#
#.......# . ..[.....#
... #.......#
....###.......#
...S..>@[.....#
#.r......#
###@#####+## #....#
#....# #....# ###.##
# .######.########. #
.................
####
#.#.................
'..#
#.#.######.##########


You could see Jessica (fast) and a rat.

Vanquished Creatures
  An adder (D:2)
  A dart slug (D:1)
  3 bats (D:2)
  4 endoplasms
  2 goblins
  4 hobgoblins
  6 quokkas
  6 ball pythons
  2 frilled lizards (D:1)
  2 kobolds
  9 rats
  A spectral kobold (D:1)
41 creatures vanquished.

Notes
Turn   | Place    | Note
-------+----------+-------------------------------------------
     0 | D:1      | ILmort the Demonspawn Fighter began the quest for the Orb.
     0 | D:1      | Reached XP level 1. HP: 18/18 MP: 1/1
   250 | D:1      | Gained mutation: You sometimes gain a little power by
                  | taking damage. [demonic ancestry]
   250 | D:1      | Reached XP level 2. HP: 20/24 MP: 2/2
   743 | D:1      | Found a faded altar of an unknown god.
  1432 | D:2      | Reached XP level 3. HP: 29/29 MP: 3/3
  1435 | D:2      | Found a burning altar of Makhleb.
  1617 | D:2      | Found Ukitsed's Armour Boutique.
  1850 | D:2      | Noticed Jessica
  1876 | D:2      | Killed from afar by Jessica

Illustrated notes

Levels and vault maps discovered:
D:1:      roderic_crossed_star, layout_loops_cross,
          dreamdust_ecumenical_altar_drowned_temple, minmay_split_cup_small
D:2:      layout_basic, basic_altar, serial_shops, shop, chequers_mini_garden,
          uniq_jessica

Skill      XL: |  1  2  3 |
---------------+----------+-----
Short Blades   | 2 3 |  3.2
Fighting       | |  3.6
Armour         | |  2.6
Shields        | |  2.6

Action                   || total
-------------------------++-------
Melee: Rapier            ||   158
Armor: Scale mail        ||    62
Dodge: Dodged            ||    55
Block: Buckler           ||    40
